 Dungeon Crawl Stone Soup version 0.29-a0-1016-g236c7fd91e (webtiles) character file.

Game seed: 7978242852008947755

350 Sobieck the Trooper (level 6, -1/67 HPs)
             Began as an Ogre Berserker on Aug 9, 2022.
             Was a Believer of Trog.
             Slain by a gnoll
             ... wielding a +0 whip
             ... led by a gnoll bouda
              (6 damage)
             ... on level 4 of the Dungeon.
             The game lasted 00:06:59 (3363 turns).

Sobieck the Trooper (Ogre Berserker)                Turns: 3363, Time: 00:07:00

Health: -1/67      AC:  6    Str: 24    XL:     6   Next: 61%
Magic:  6/6        EV:  8    Int:  8    God:    Trog [**....]
Gold:   77         SH:  7    Dex:  8    Spells: 5/5 levels left

rFire   . . .      SeeInvis .   j - +2 mace (holy) {mace}
rCold   . . .      Faith    .   g - +0 kite shield
rNeg    . . .      Spirit   .   b - +0 animal skin
rPois   .          Reflect  .   i - +2 hat
rElec   .          Harm     .   o - +0 cloak
rCorr   .          Rampage  .   (gloves unavailable)
Will    ++...                   (boots unavailable)
Stlth   +.........              (no amulet)
HPRegen 1.21/turn               y - ring of flight
MPRegen 0.10/turn               (no ring)

@: strong-willed, on berserk cooldown, flying, regenerating, slowed, very slow
A: large, unfitting armour, tough skin 1
a: Renounce Religion, Berserk, Trog's Hand


You were on level 4 of the Dungeon.
You worshipped Trog.
Trog was pleased with you.
You visited 1 branch of the dungeon, and saw 4 of its levels.

You collected 217 gold pieces.
You spent 140 gold pieces at shops.


Innate Abilities, Weirdness & Mutations

You are too large for most types of armour.
You have tough skin. (AC +1)


   Skills:
 + Level 5.9 Fighting
 * Level 5.1 Maces & Flails
 - Level 2.6 Dodging
 + Level 2.7 Shields


You had 5 spell levels left.
You didn't know any spells.
Your spell library was empty.

Inventory:

Hand Weapons
 a - a +0 mace {mace}
 j - a +2 mace of holy wrath (weapon) {mace}
   (You found it on level 1 of the Dungeon)
Missiles
 c - 6 silver javelins {throwing}
 e - 33 stones (quivered) {throwing}
 l - 13 poisoned darts {throwing}
 x - a throwing net {=f!fthrowing}
Armour
 b - a +0 animal skin (worn)
 g - a +0 kite shield (worn)
   (You found it on level 1 of the Dungeon)
 h - a +0 robe
   (You took it off a hobgoblin on level 1 of the Dungeon)
 i - a +2 hat (worn)
   (You found it on level 1 of the Dungeon)
 o - a +0 cloak (worn)
   (You found it on level 1 of the Dungeon)
 r - a +0 robe
   (You took it off Dowan on level 4 of the Dungeon)
Jewellery
 y - a ring of flight (left hand)
   (You found it on level 3 of the Dungeon)
Wands
 s - a wand of roots (12)
   (You found it on level 3 of the Dungeon)
Scrolls
 A - a scroll of butterflies
Potions
 d - 3 potions of curing {@q1}
 f - a potion of attraction {unknown}
 k - a potion of mutation {!q}
 m - 2 potions of invisibility {unknown}
 n - a potion of might
 p - a potion of haste {unknown}
 q - a potion of heal wounds {@q2}
 t - a potion of berserk rage {unknown}
 v - a potion of magic {unknown}

Dungeon Overview and Level Annotations

Branches:
Dungeon (4/15) Zot: 20553
 Temple: D:4-7

Altars:

Shops:
D:2 ! D:3

= #####..# ###.##...†<.#
#......###..# #.###..#
#gg# #..# #g.########
#..# #...^...... ...#
##.##......
######g###..........
##...@g...÷..##.......
##...###........ ...#..
.#.....######)#####.## .
..........#####.### #.# .
##................###.# .
#........#.........#.## .
##############.#.#....##.
#..........† ###.#....###


You could see 2 gnolls.


Message History

The gnoll hits you but does no damage.
You are too injured to fight recklessly!
You are too injured to fight recklessly!
You are too injured to fight recklessly!
You are too injured to fight recklessly!
You sock the gnoll bouda!
The gnoll bouda mumbles some strange prayers to its god.
The gnoll bouda is healed somewhat.
You barely miss the gnoll bouda.
The gnoll hits you from afar with a +0 spear.
You block the gnoll bouda's attack.
You closely miss the gnoll bouda.
The gnoll hits you from afar with a +0 spear.
The gnoll bouda closely misses you.
You closely miss the gnoll bouda. The gnoll barely misses you.
You hit the gnoll bouda.
The gnoll is no longer moving quickly.
The gnoll bouda barks out a call to the hunt!
The gnoll picks up the pace!
The gnoll barely misses you.
You hit the gnoll bouda.
You are no longer berserk.
You are exhausted.
You feel yourself slow down. The gnoll bouda completely misses you.
The gnoll barely misses you.
You barely miss the gnoll bouda.
The gnoll bouda hits you with a +0 club.
You block the gnoll's attack. You block the gnoll bouda's attack.
You barely miss the gnoll bouda.
Your attacks no longer feel as feeble.
The gnoll is no longer moving quickly.
The gnoll hits you from afar with a +0 spear.
The gnoll bouda barely misses you. You block the gnoll's attack.
The gnoll bouda barks out a call to the hunt!
The gnoll picks up the pace!
You hear an angry hiss.
You closely miss the gnoll bouda. The gnoll closely misses you.
The gnoll bouda gazes fiercely through you!
You feel your attacks grow feeble. The gnoll bouda barely misses you.
The gnoll hits you from afar with a +0 spear.
The gnoll bouda hits you with a +0 club.
You hit the gnoll bouda but do no damage.
The gnoll hits you from afar with a +0 spear.
The gnoll bouda prays to its god.
The gnoll bouda is healed somewhat.
You block the gnoll's attack.
You closely miss the gnoll bouda. The gnoll bouda closely misses you.
The gnoll hits you from afar with a +0 spear.
The gnoll bouda mumbles some strange prayers to its god.
The gnoll bouda is healed somewhat.
The gnoll closely misses you.
You hit the gnoll bouda.
The gnoll is no longer moving quickly.
The gnoll bouda closely misses you.
The gnoll hits you from afar with a +0 spear.
* * * LOW HITPOINT WARNING * * *
The gnoll bouda hits you with a +0 club.
* * * LOW HITPOINT WARNING * * *
The gnoll hits you from afar with a +0 spear.
* * * LOW HITPOINT WARNING * * *
Your skin crawls.
You feel strong-willed.
Your attacks no longer feel as feeble.
The gnoll bouda hits you but does no damage.
The gnoll hits you but does no damage.
The gnoll bouda barks out a call to the hunt!
The gnoll picks up the pace!
You hear an angry hiss.
You thump the gnoll bouda!
The gnoll hits you from afar with a +0 spear.
* * * LOW HITPOINT WARNING * * *
You block the gnoll bouda's attack.
The gnoll hits you from afar with a +0 spear.
* * * LOW HITPOINT WARNING * * *
The gnoll bouda prays to its god.
The gnoll bouda is healed somewhat.
You closely miss the gnoll bouda. You block the gnoll's attack.
The gnoll bouda hits you with a +0 club.
* * * LOW HITPOINT WARNING * * *
The gnoll hits you from afar with a +0 spear.
* * * LOW HITPOINT WARNING * * *
The gnoll bouda hits you with a +0 club.
* * * LOW HITPOINT WARNING * * *
You hit the gnoll bouda. The gnoll closely misses you.
You block the gnoll bouda's attack. The gnoll barely misses you.
The gnoll bouda completely misses you.
You hit the gnoll bouda.
You kill the gnoll bouda!
Trog accepts your kill.
The gnoll hits you from afar with a +0 spear.
* * * LOW HITPOINT WARNING * * *
The gnoll hits you with a +0 whip.
* * * LOW HITPOINT WARNING * * *
The gnoll hits you from afar with a +0 spear.
* * * LOW HITPOINT WARNING * * *
You sock the gnoll!
The gnoll is no longer moving quickly.
The gnoll hits you but does no damage. The gnoll closely misses you.
The gnoll hits you with a +0 whip!
* * * LOW HITPOINT WARNING * * *
You block the gnoll's attack.
You hit the gnoll. The gnoll hits you with a +0 whip.
* * * LOW HITPOINT WARNING * * *
You block the gnoll's attack. The gnoll hits you with a +0 whip.
You die...

Skill      XL: |  1  2  3  4  5  6 |
---------------+-------------------+-----
Maces & Flails | 3 4 5 |  5.1
Shields        | 1 2 |  2.7
Fighting       | 5 |  5.9
Dodging        | |  2.6

Action                   |  1- 3 |  4- 6 || total
-------------------------+-------+-------++-------
Melee: Mace              |    69 |   120 ||   189
Invok: Berserk           |       |     3 ||     3
       Trog's Hand       |       |     2 ||     2
  Use: Scroll            |     4 |     5 ||     9
 Stab: Sleeping          |     1 |     2 ||     3
Armor: Animal skin       |    25 |    40 ||    65
Dodge: Dodged            |    36 |    50 ||    86
Block: Kite shield       |     7 |    39 ||    46

Levels and vault maps discovered:
D:1:      dpeg_arrival_erosion, layout_loops_ring
D:2:      minmay_diamond_boxcup, layout_loops_ring, serial_shops, shop,
          minmay_misc_feat_chi, due_unseen_surprise, uniq_terence
D:3:      layout_loops_cross, serial_shops, nicolae_shop_crystal
D:4:      layout_loops_ring, minmay_temple_entry_fiery, serial_glass,
          glass_columns_c, glass_columns_b, minivault_5, minmay_cupped,
          uniq_blork_the_orc, uniq_duvessa, uniq_crazy_yiuf_cottage

Notes
Turn   | Place    | Note
-------+----------+-------------------------------------------
     0 | D:1      | Sobieck the Ogre Berserker began the quest for the Orb.
     0 | D:1      | Reached XP level 1. HP: 24/24 MP: 1/1
   353 | D:1      | Reached skill level 3 in Maces & Flails
   355 | D:1      | Reached XP level 2. HP: 31/32 MP: 2/2
   766 | D:1      | You fall into a shaft and drop 1 floor!
   868 | D:1      | Reached XP level 3. HP: 37/40 MP: 3/3
  1448 | D:2      | Reached ** piety under Trog
  1505 | D:2      | Noticed Terence
  1515 | D:2      | Killed Terence
  1516 | D:2      | Reached skill level 1 in Shields
  1516 | D:2      | Reached XP level 4. HP: 43/49 MP: 4/4
  1725 | D:2      | Found Tinkom's Distillery.
  1734 | D:2      | Bought a potion of degeneration for 10 gold pieces
  1734 | D:2      | Bought a potion of might for 40 gold pieces
  1734 | D:2      | Bought a potion of heal wounds for 50 gold pieces
  1734 | D:2      | Bought a potion of brilliance for 40 gold pieces
  2331 | D:3      | Reached skill level 5 in Fighting
  2331 | D:3      | Reached skill level 4 in Maces & Flails
  2437 | D:3      | Found Koosk's Jewellery Emporium.
  2627 | D:3      | Reached XP level 5. HP: 48/57 MP: 5/5
  3051 | D:4      | Noticed Dowan
  3113 | D:4      | Noticed Duvessa
  3215 | D:4      | Killed Duvessa
  3216 | D:4      | Reached skill level 2 in Shields
  3216 | D:4      | Reached XP level 6. HP: 66/66 MP: 6/6
  3221 | D:4      | Killed Dowan
  3338 | D:4      | Reached skill level 5 in Maces & Flails
  3359 | D:4      | HP: 15/67 [gnoll bouda/+0 club (4)]
  3362 | D:4      | HP: 4/67 [gnoll/+0 whip[a gnoll bouda] (7)]
  3363 | D:4      | Slain by a gnoll

Vanquished Creatures
  Duvessa (D:4)
  Dowan (D:4)
  A gnoll bouda (D:4)
  Terence (D:2)
  3 gnolls (D:4)
  3 adders
  2 ufetubi (D:3)
  3 worms
  2 dart slugs
  4 orcs (D:3)
  7 endoplasms
  3 giant cockroaches
  6 goblins
  6 hobgoblins
  A jackal (D:2)
  6 kobolds
  2 quokkas
  4 ball pythons
  2 bats (D:1)
  A frilled lizard (D:2)
  9 rats
68 creatures vanquished.

Table legend:
 A = Non-vault XP
 B = Vault XP
 C = Vault XP percentage of total XP
 D = Non-vault monster count
 E = Vault monster count
 F = Vault count percentage of total count
                 A         B        C        D         E       F
            +---------+---------+-------+---------+---------+-------
      Total |     239 |     262 |  52.3 |      57 |      11 |  16.2
            +---------+---------+-------+---------+---------+-------
        D:1 |      34 |       0 |   0.0 |      19 |       0 |   0.0
        D:2 |      22 |      47 |  68.1 |       9 |       8 |  47.1
        D:3 |      71 |       0 |   0.0 |      18 |       0 |   0.0
        D:4 |     112 |     215 |  65.7 |      11 |       3 |  21.4
            +---------+---------+-------+---------+---------+-------

Illustrated notes

Table legend:
 A = Kills in this place as a percentage of kills in entire the game.
 B = Kills by you in this place as a percentage of kills by you in the entire game.
 C = Kills by friends in this place as a percentage of kills by friends in the entire game.
 D = Other kills in this place as a percentage of other kills in the entire game.
 E = Experience gained in this place as a percentage of experience gained in the entire game.
 F = Experience gained in this place divided by the number of levels of this place that you have seen.
                   A       B       C       D       E      F
               +-------+-------+-------+-------+-------+----------------------
         Total | 100.0 | 100.0 |   N/A |   N/A | 100.0 | 125.2
       Dungeon | 100.0 | 100.0 |   N/A |   N/A | 100.0 | 125.2
               +-------+-------+-------+-------+-------+----------------------

Table legend: (Time is in decaauts)
 A = Elapsed time spent in this place.
 B = Non-inter-level travel time spent in this place.
 C = Inter-level travel time spent in this place.
 D = Time resting spent in this place.
 E = Time spent auto-exploring this place.
 F = Levels seen in this place.
 G = Mean time per level.
                   A        B        C        D        E       F      G
               +--------+--------+--------+--------+--------+-----+--------+
         Total |   3444 |   3235 |    209 |    294 |   2311 |   4 |  861.0 |
       Dungeon |   3444 |   3235 |    209 |    294 |   2311 |   4 |  861.0 |
               +--------+--------+--------+--------+--------+-----+--------+

Top non-repeatable levels by time:
     D:1: 1082 daAuts
     D:2: 1041 daAuts
     D:3: 1035 daAuts
     D:4: 284 daAuts
